 Dungeon Crawl Stone Soup version bcrawl-1.27.3 (webtiles) character file.

Game seed: 18299786276982122403

301134 hurricos the Cleaver (level 9, -13/52 HPs)
             Began as a Skeleton Skald on Oct 9, 2020.
             Was a Believer of Cheibriados.
             Mangled by a two-headed ogre
             ... wielding a cursed -2 giant club
              (19 damage)
             ... on level 8 of the Dungeon on Oct 10, 2020.
             The game lasted 00:11:58 (7128 turns).

hurricos the Cleaver (Skeleton Skald)               Turns: 7128, Time: 00:11:58

Health: -13/52     AC:  9    Str: 23    XL:     9   Next: 92%
Magic:  0/18       EV: 14    Int: 15    God:    Cheibriados [**....]
Gold:   506        SH:  6    Dex: 15    Spells: 10/21 levels left

rFire    . . .     SeeInvis .   a - +0 falchion (elec)
rCold    + . .     Gourm    .   (no shield)
rNeg     + + +     Faith    .   b - +0 leather armour
rPois    ∞         Spirit   +   (no helmet)
rElec    .         Reflect  .   o - +0 cloak
rCorr    .         Harm     .   (no gloves)
MR       +....                  n - +1 pair of boots
Stlth    +.........             e - amulet of the acrobat
HPRegen  0.17/turn              s - +2 ring of protection
MPRegen  0.16/turn              (no ring)

@: marked, singing, very slightly contaminated, very slow
A: no food or potions, cold resistance 1, deterioration 1, negative energy
resistance 3, powered by death 1, torment resistance, unbreathing, magic shield,
sturdy frame 1, spell healing
a: Bend Time, Renounce Religion


You were on level 8 of the Dungeon.
You worshipped Cheibriados.
Cheibriados was pleased with you.
You were not hungry.

You visited 2 branches of the dungeon, and saw 9 of its levels.

You collected 641 gold pieces.
You spent 135 gold pieces at shops.

Inventory:

Hand Weapons
 a - a +0 falchion of electrocution (weapon)
 i - a +3 dagger of venom
 p - a +0 hand axe
 q - a +3 spear
Armour
 b - a +0 leather armour (worn)
 m - a +0 buckler
 n - a +1 pair of boots (worn)
 o - a +0 cloak (worn)
Jewellery
 e - an amulet of the acrobat (around neck)
 l - an uncursed amulet of regeneration {unknown}
 s - a +2 ring of protection (left hand)
Wands
 j - a wand of enslavement (1)
 k - a wand of polymorph (9)
 u - a wand of scattershot (2)
Scrolls
 c - 3 scrolls of blinking
 d - 3 scrolls of fear
 f - 8 scrolls of teleportation
 g - a scroll of noise
 h - 6 scrolls of remove curse
 r - 2 scrolls of torment
 t - 3 scrolls of enchant weapon
 v - a scroll of identify


   Skills:
 + Level 4.7 Fighting
 * Level 7.0 Long Blades
 - Level 9.6 Axes
 + Level 5.0 Armour
 + Level 4.6 Dodging
 + Level 6.5 Spellcasting
 + Level 5.9 Charms
 + Level 2.2 Invocations


You had 10 spell levels left.
You knew the following spells:

 Your Spells              Type           Power        Failure   Level  Hunger
a - Infusion              Chrm           ###.....     1%          1    N/A
o - Ozocubu's Armour      Chrm/Ice       ##......     13%         3    N/A
z - Spectral Weapon       Hex/Chrm       ##......     13%         3    N/A
A - Apportation           Tloc           #.....       14%         1    N/A
S - Song of Slaying       Chrm           ###.....     1%          2    N/A
Z - Summon Butterflies    Summ           #.......     14%         1    N/A

Your spell library contained the following spells:

 Spells                   Type           Power        Failure   Level  Hunger
 Magic Dart               Conj           #...         14%         1    N/A
 Sandblast                Erth           #.....       14%         1    N/A
 Slow                     Hex            #.......     14%         1    N/A
 Summon Small Mammal      Summ           #...         14%         1    N/A
 Blink                    Tloc           N/A          22%         2    N/A
 Call Imp                 Summ           #.....       22%         2    N/A
 Call Canine Familiar     Summ           #.......     38%         3    N/A
 Conjure Flame            Conj/Fire      #.......     38%         3    N/A
 Mephitic Cloud           Conj/Pois/Air  #.......     38%         3    N/A
 Summon Ice Beast         Ice/Summ       #.......     80%         4    N/A
 Summon Lightning Spire   Summ/Air       #.......     98%         5    N/A
 Regeneration             Chrm/Necr      Unusable     N/A         3    N/A
 Spider Form              Tmut/Pois      Unusable     N/A         3    N/A

Dungeon Overview and Level Annotations

Branches:
Dungeon (8/12)             Temple (1/1) D:5
   Lair: D:7-9          Orc: D:8-11

Altars:
Ashenzari
Cheibriados
Dithmenos
Elyvilon
Fedhas
Kikubaaqudgha
Lugonu
Nemelex Xobeh
Okawaru
Qazlal
Ru
Sif Muna
Trog
Uskayaw
Vehumet
Xom
Yredelemnul
Zin
The Shining One

Shops:
D:4 }   D:5 *   D:6 ?

Annotations:
D:8 Maurice


Innate Abilities, Weirdness & Mutations

You do not eat or drink.
You are immune to poison.
Your flesh is cold resistant. (rC+)
Your body sometimes deteriorates upon taking damage.
You are immune to negative energy. (rN+++)
You regenerate a little health from kills.
You are immune to unholy pain and torment.
You can survive without breathing.
When hurt, damage is shared between your health and your magic reserves.
Your movements are slightly less encumbered by armour. (ER -2)
Casting spells heals you.


Message History

The centaur unwields a +0 shortbow.
The centaur hits you.
A troll comes into view.
The centaur barely misses you.
Unknown command.
You are too injured to fight recklessly!
Unknown command.
You can't drink.
Unknown command.
As you read the scroll of fear, it crumbles to dust.
You assume a fearsome visage.
The two-headed ogre resists with some effort.
The adder looks frightened!
The centaur looks frightened!
Your spectral weapon is unaffected.
The centaur looks frightened!
The troll looks frightened!
Maurice the Thief comes into view.
He is wielding a +0 short sword and carrying a wand of iceblast (8).
The two-headed ogre hits you with a cursed -2 giant club!!
* * * LOW HITPOINT WARNING * * *
The two-headed ogre closely misses your spectral weapon.
The two-headed ogre hits you with a +0 giant spiked club!!
You die...

...# ...#
###..#
#....# #
#....#
#.#....#
#......#
####OS.##
#@(..#
#####c.###
.(.?.T..c.#
######...<#
##.#.#
...#+#
##..@ ....
#....


You could see Maurice, a two-headed ogre, a troll (fleeing), 2 centaurs, an
adder (fleeing) and a friendly spectral +0 falchion of electrocution.

Vanquished Creatures
  A two-headed ogre (D:7)
  A deep elf mage (D:7)
  A hippogriff (D:7)
  Sigmund (D:2)
  An ice beast (D:5)
  5 ogres
  A phantom (D:6)
  A centaur (D:3)
  2 big kobolds
  2 bullfrogs (D:7)
  3 scorpions
  3 howler monkeys
  2 vampire bats (D:4)
  A centaur zombie (D:7)
  2 crimson imps (D:5)
  5 hounds
  2 orc priests (D:5)
  A jelly (D:5)
  4 orc wizards
  2 bullfrog skeletons
  A centaur skeleton (D:6)
  3 iguanas
  7 worker ants
  A worker ant zombie (D:7)
  A gnoll (D:2)
  8 adders
  A river rat (D:5)
  A shadow imp (D:7)
  2 oozes
  6 worms
  2 dart slugs (D:1)
  4 leopard geckos
  13 orcs
  6 ball pythons
  5 bat zombies (D:4)
  5 goblins
  12 hobgoblins
  11 jackals
  2 quokkas
  5 bats
  2 frilled lizards (D:1)
  11 kobolds
  14 rats
164 creatures vanquished.

Vanquished Creatures (others)
  A porcupine (D:3)
  An orc wizard (D:7)
  A quokka (D:4)
  2 spectral weapons
5 creatures vanquished.

Grand Total: 169 creatures vanquished

Notes
Turn   | Place    | Note
-------+----------+-------------------------------------------
     0 | D:1      | hurricos the Skeleton Skald began the quest for the Orb.
     0 | D:1      | Reached XP level 1. HP: 12/12 MP: 4/4
    52 | D:1      | Reached skill level 3 in Axes
   139 | D:1      | Reached XP level 2. HP: 17/17 MP: 6/6
   239 | D:1      | Learned a level 2 spell: Song of Slaying
   504 | D:1      | Reached skill level 4 in Axes
   786 | D:2      | Reached XP level 3. HP: 21/21 MP: 7/7
   795 | D:2      | Noticed an ogre
   795 | D:2      | Noticed Sigmund
   892 | D:3      | Found a bloodstained altar of Trog.
   933 | D:3      | Noticed a sky beast
  1331 | D:2      | Learned a level 3 spell: Ozocubu's Armour
  1338 | D:2      | Killed an ogre
  1338 | D:2      | Reached skill level 6 in Axes
  1338 | D:2      | Reached XP level 4. HP: 14/26 MP: 2/8
  1445 | D:2      | Killed Sigmund
  1445 | D:2      | Reached skill level 7 in Axes
  1445 | D:2      | Reached XP level 5. HP: 22/30 MP: 0/9
  1445 | D:2      | Gained mutation: You regenerate a little health from kills.
                  | [Skeleton growth]
  1445 | D:2      | Reached XP level 6. HP: 26/35 MP: 0/10
  1738 | D:2      | Reached skill level 8 in Axes
  1836 | D:2      | Found a sacrificial altar of Ru.
  2277 | D:3      | Noticed a porcupine
  2277 | D:3      | a worker ant changed into a porcupine
  2487 | D:3      | a sky beast changed into a big kobold
  2500 | D:3      | Reached skill level 9 in Axes
  2974 | D:3      | Reached XP level 7. HP: 35/40 MP: 0/11
  3251 | D:4      | Learned a level 3 spell: Spectral Weapon
  3278 | D:4      | Reached skill level 1 in Long Blades
  3478 | D:4      | Found Jogomal's Gadget Shoppe.
  3738 | D:4      | Found an ancient bone altar of Kikubaaqudgha.
  3739 | D:4      | Reached XP level 8. HP: 45/45 MP: 12/14
  3847 | D:4      | Learned a level 1 spell: Summon Butterflies
  3849 | D:4      | Learned a level 1 spell: Apportation
  4194 | D:5      | Entered Level 5 of the Dungeon
  4400 | D:5      | Found Oskadaol's Assorted Antiques.
  4424 | D:5      | Bought 3 scrolls labeled FAFAHY SUNLAETZ for 81 gold pieces
  4425 | D:5      | Bought a scroll labeled DANTIS ZUTZOON for 27 gold pieces
  4425 | D:5      | Bought a scroll labeled MIGHUF OMIUPO for 27 gold pieces
  4715 | D:5      | Found a shimmering altar of Xom.
  4715 | D:5      | Found a corrupted altar of Lugonu.
  4721 | D:5      | Reached skill level 5 in Spellcasting
  4810 | D:5      | Found a basalt altar of Yredelemnul.
  4883 | D:5      | Found a staircase to the Ecumenical Temple.
  4944 | Temple   | Entered the Ecumenical Temple
  4984 | Temple   | Became a worshipper of Cheibriados the Contemplative
  5324 | D:6      | Found a stormy altar of Qazlal.
  5405 | D:6      | Reached * piety under Cheibriados
  5568 | D:6      | Found Qusu Zuo's Magic Scroll Emporium.
  5838 | D:6      | Reached skill level 5 in Long Blades
  5838 | D:6      | Reached skill level 5 in Charms
  5838 | D:6      | Reached XP level 9. HP: 31/52 MP: 11/17
  6315 | D:7      | Noticed a two-headed ogre
  6317 | D:7      | Killed a two-headed ogre
  6317 | D:7      | Reached skill level 1 in Invocations
  6349 | D:7      | Noticed a deep elf mage
  6351 | D:7      | Killed a deep elf mage
  6908 | D:7      | Reached ** piety under Cheibriados
  7011 | D:7      | Reached skill level 5 in Armour
  7124 | D:8      | Noticed a two-headed ogre
  7127 | D:8      | Noticed a troll
  7128 | D:8      | Noticed Maurice
  7128 | D:8      | Mangled by a two-headed ogre

Skill      XL: |  1  2  3  4  5  6  7  8  9 |
---------------+----------------------------+-----
Axes           | 3 4 6 7 9 |  9.6
Long Blades    | 2 5 7 |  7.0
Armour         | 2 3 5 |  5.0
Spellcasting   | 4 5 6 |  6.5
Charms         | 5 |  5.9
Fighting       | 3 4 |  4.7
Dodging        | 3 4 |  4.6
Invocations    | 2 |  2.2

Action                   |  1- 3 |  4- 6 |  7- 9 || total
-------------------------+-------+-------+-------++-------
Melee: Hand axe          |    79 |   160 |     3 ||   242
       Falchion          |       |       |   373 ||   373
 Cast: Song of Slaying   |     8 |     5 |    16 ||    29
       Ozocubu's Armour  |     1 |       |       ||     1
       Infusion          |       |     1 |       ||     1
       Spectral Weapon   |       |       |    14 ||    14
Evoke: Wand              |       |     7 |     8 ||    15
  Use: Scroll            |     4 |       |    10 ||    14
 Stab: Sleeping          |       |       |     1 ||     1
       Distracted        |       |       |     1 ||     1
Armor: Leather armour    |    18 |    21 |   117 ||   156
Dodge: Dodged            |    60 |    92 |   308 ||   460
Block: Other             |    12 |    13 |    30 ||    55
